 Dungeon Crawl Stone Soup version 0.20.1-1-g8b1a95d (webtiles) character file.

53 RubyRose the Magician (level 3, -2/26 HPs)
             Began as a Minotaur Wizard on Dec 8, 2017.
             Was an Initiate of Nemelex Xobeh.
             Shot themself with a glob of acid (5 damage)
             ... on level 3 of the Dungeon.
             The game lasted 00:06:00 (872 turns).

RubyRose the Magician (Minotaur Wizard)              Turns: 872, Time: 00:06:00

Health: -2/26      AC:  3    Str: 11    XL:     3   Next: 64%
Magic:  5/6        EV: 11    Int: 16    God:    Nemelex Xobeh [......]
Gold:   65         SH:  0    Dex:  8    Spells: 7/8 levels left

rFire    . . .     SeeInvis .   e - +0 short sword
rCold    . . .     Gourm    .   (no shield)
rNeg     . . .     Faith    .   h - +0 leather armour (curse)
rPois    .         Spirit   .   b - +0 hat
rElec    .         Reflect  .   (no cloak)
rCorr    .         Harm     .   (no gloves)
MR       .....                  (no boots)
Stlth    +.........             (no amulet)
Regen    0.1/turn               (no ring)
MPRegen  0.1/turn               (no ring)

@: lethally poisoned (-2 -> -11)
A: retaliatory headbutt, horns 2
a: Renounce Religion


You were on level 3 of the Dungeon.
You worshipped Nemelex Xobeh.
Nemelex Xobeh was noncommittal.
You were not hungry.

You visited 1 branch of the dungeon, and saw 3 of its levels.

You collected 65 gold pieces.

Inventory:

Hand Weapons
 e - a +0 short sword (weapon)
Armour
 a - a +0 robe
 b - a +0 hat (worn)
 h - a cursed +0 leather armour (worn)
Scrolls
 f - 2 scrolls of remove curse
 g - a scroll of amnesia {unknown}
Potions
 i - a potion of flight {unknown}
Books
 c - a book of Minor Magic

   Spells                             Type                      Level
   a - Magic Dart                     Conjuration                  1
   b - Blink                          Translocation                2
   c - Call Imp                       Summoning                    2
   d - Slow                           Hexes                        2
   e - Conjure Flame                  Conjuration/Fire             3
   f - Mephitic Cloud                 Conjuration/Poison/Air       3
Miscellaneous
 j - a plain deck of destruction {drawn: 3}
Comestibles
 d - a bread ration


   Skills:
 - Level 0.2 Fighting
 - Level 2.3 Dodging
 - Level 1.5 Stealth
 * Level 3.0 Spellcasting
 + Level 1.2 Conjurations
   Level 0.6 Summonings
   Level 0.6 Translocations


You had 7 spell levels left.
You knew the following spells:

 Your Spells              Type           Power        Failure   Level  Hunger
a - Magic Dart            Conj           #...         16%         1    #......


Dungeon Overview and Level Annotations

Branches:
Dungeon (3/15)

Altars:
Nemelex Xobeh


Innate Abilities, Weirdness & Mutations

You reflexively headbutt those who attack you in melee.
You have a pair of horns on your head.


Message History

The air around the adder burns with energy!
You feel a surge of magic. The adder bites you but does no damage.
Casting: Magic Dart
Confirm with . or Enter, or press ? or * to list all spells.
Aiming: Magic Dart
Press: ? - help, Shift-Dir - straight line, f - adder
Aim: an adder (severely wounded)
The magic dart hits the adder.
You kill the adder!
Your Spellcasting skill increases to level 3!
* * * LOW HITPOINT WARNING * * *
You feel sick.
You draw a card...
It is Vitriol.
You have drawn Vitriol.
Press: ? - help, Shift-Dir - straight line, f - you Really target yourself?
That beam is likely to hit you.
Continue anyway?
The glob of acid hits you!
You die...
Your body disappears without a glow.

#...........#.#.#
#...........# #.#
#...........# #
#...........#
#...........#
#...........##
#.............
#####'''###### ######
#####...########@...+
§§§.#...##§§§###.####
§§§§#.⌠.#§..§§##.#
§§§.#...#§§§§§##.#
§§§§#...#§§§§§##.#
§.§§#...##§§.###.#
#####...########.#
......_.......⌠#.#####
#####...########.....#


There were no monsters in sight!

Vanquished Creatures
  3 adders
  A dart slug (D:2)
  A bat (D:1)
  3 giant cockroaches
  4 goblins
  A hobgoblin (D:2)
  2 jackals (D:3)
  3 frilled lizards
  4 kobolds
  4 rats
26 creatures vanquished.

Vanquished Creatures (others)
  A bat (D:3)
1 creature vanquished.

Grand Total: 27 creatures vanquished

Notes
Turn   | Place    | Note
-------+----------+-------------------------------------------
     0 | D:1      | RubyRose the Minotaur Wizard began the quest for the Orb.
     0 | D:1      | Reached XP level 1. HP: 14/14 MP: 2/2
   149 | D:1      | Reached XP level 2. HP: 19/20 MP: 2/4
   544 | D:3      | Reached XP level 3. HP: 21/26 MP: 1/6
   651 | D:3      | Reached skill level 1 in Conjurations
   668 | D:3      | Found a sparkling altar of Nemelex Xobeh.
   676 | D:3      | Became a worshipper of Nemelex Xobeh the Trickster
   689 | D:3      | Received a gift from Nemelex Xobeh
   871 | D:3      | Reached skill level 3 in Spellcasting
   872 | D:3      | Shot themself with a glob of acid

Skill      XL: |  1  2  3 |
---------------+----------+-----
Conjurations   | 1 |  1.2
Spellcasting   | 3 |  3.0
Fighting       | |  0.2
Dodging        | |  2.3
Stealth        | |  1.5
Summonings     | |  0.6
Translocations | |  0.6

Action                   || total
-------------------------++-------
Melee: Short sword       ||    53
       Unarmed           ||     2
       Headbutt          ||     5
 Cast: Magic Dart        ||    27
Evoke: Deck              ||     2
  Use: Scroll            ||     2
Armor: Robe              ||     3
       Leather armour    ||     8
Dodge: Dodged            ||    44
